[Event "*** SCC Grand Prix: Titled Tuesday Blitz"]
[Site "Chess.com"]
[Date "2020.07.14"]
[Round "7"]
[White "Maxim_e2e4"]
[Black "SGchess01"]
[Result "0-1"]
[WhiteElo "2413"]
[BlackElo "2633"]
[TimeControl "180+1"]
[EndTime "11:19:09 PDT"]
[Termination "SGchess01 won on time"]

1. e4 c5 2. Nf3 Nc6 3. d4 cxd4 4. Nxd4 g6 5. c4 Bg7 6. Be3 Nf6 7. Nc3 O-O 8. f3 d6 9. Be2 Nxd4 10. Bxd4 Be6 11.
Qd2 Qa5 12. Rc1 Rfc8 13. b3 a6 14. Rc2 b5 15. cxb5 axb5 16. O-O b4 17. Na4 Rxc2 18. Qxc2 Rc8 19. Qd2 Nd7 20. Bxg7 Kxg7 21. f4 Nf6 22. Bf3 Bd7 23. Re1 Bxa4 24. bxa4 Qxa4 25. e5 dxe5 26. fxe5 Ne8 27. Bd5 e6 28. Bb3 Qa7+ 29. Kh1 Qc5 30.
Qf4 Qe7 31. h3 Rc3 32. Re4 Qc7 33. Rxb4 Rc1+ 34. Kh2 Re1 35. Rb5 Qa7 36. a4 Qg1+ 37. Kg3 Re3+ 38. Kh4 Qe1+ 39. g3 Re4 0-1

[Event "*** SCC Grand Prix: Titled Tuesday Blitz"]
[Site "Chess.com"]
[Date "2020.07.14"]
[Round "7"]
[White "Mischuk_D"]
[Black "ShimanovAlex"]
[Result "0-1"]
[WhiteElo "2644"]
[BlackElo "2821"]
[TimeControl "180+1"]
[EndTime "11:19:12 PDT"]
[Termination "ShimanovAlex won on time"]

1. e4 e6 2. d4 b6 3. Bd3 Bb7 4. Nf3 Nf6 5. Nbd2 d5 6. Qe2 c5 7. c3 Be7 8. O-O Nc6 9. dxc5 bxc5 10. exd5 exd5 11. Ba6 Bxa6 12. Qxa6 Qb6 13. Qd3 O-O 14. c4 d4 15. Qf5 g6 16. Qc2 Nb4 17. Qd1 Rfe8 18. Nb3 Bd6 19. Bd2 Nc6 20. Rb1 Qa6 21.
Qc2 Qa4 22. Nbxd4 Qxc2 23. Nxc2 Ne4 24. Be3 f5 25. g3 Rab8 26. Na3 a6 27. b3 Nb4 28.
Rb2 Bf8 29. Bd2 Bg7 30. Rbb1 Nxa2 31. Bf4 Rb7 32. Nd2 Nec3 33. Rbe1 Ne2+ 34. Kh1 Nb4 35. Be3 Nd4 36. Bxd4 Rxe1 37. Rxe1 Bxd4 38. Kg2 Nd3 39. Re8+ Kf7 40. Ra8 Re7 41. Kf3 Ne1+ 42. Kf4 Bxf2 43. Nf1 Kg7 44. g4 Re4+ 0-1

[Event "*** SCC Grand Prix: Titled Tuesday Blitz"]
[Site "Chess.com"]
[Date "2020.07.14"]
[Round "7"]
[White "nocnypako"]
[Black "Sam_ChessMood"]
[Result "0-1"]
[WhiteElo "2593"]
[BlackElo "2807"]
[TimeControl "180+1"]
[EndTime "11:19:13 PDT"]
[Termination "Sam_ChessMood won by resignation"]

1. d4 d5 2. c4 c6 3. Nc3 Nf6 4. Nf3 dxc4 5. a4 Bf5 6. Ne5 Nbd7 7. Nxc4 Nb6 8. Ne5 a5 9. Bg5 h6 10. Bh4 e6 11. e3 Bb4 12. Bd3 Bxd3 13. Qxd3 O-O 14.
O-O Be7 15. Rfd1 Nfd5 16. Bxe7 Qxe7 17. h3 Rfd8 18. Qc2 Nd7 19. Nxd7 Qxd7 20. Nxd5 exd5 21.
Rac1 Re8 22. Qc5 Re6 23. Qc2 Rg6 24. Kh2 Re8 25. Qe2 Re4 26. Rb1 f5 27. Qf3 Qd6+ 28. Kh1 f4 29. exf4 Rxf4 30. Qe3 Re4 31. Qd2 Rf6 32.
f3 Re7 33. Re1 Rxe1+ 34. Rxe1 Qf4 35. Qxf4 Rxf4 36. Rd1 Kf7 37. Kg1 Ke7 38. Kf2 Kd6 39.
g3 Rf8 40. f4 b6 41. Kf3 c5 42. g4 Re8 43. h4 Re4 44. h5 cxd4 45. Rd3 Kc5 46.
Rb3 Kc4 47. Rxb6 d3 48. Rc6+ Kd4 49. Rc1 d2 50. Rd1 Kd3 0-1

[Event "*** SCC Grand Prix: Titled Tuesday Blitz"]
[Site "Chess.com"]
[Date "2020.07.14"]
[Round "7"]
[White "TheWolfSpur"]
[Black "romulocardoso"]
[Result "0-1"]
[WhiteElo "2281"]
[BlackElo "2118"]
[TimeControl "180+1"]
[EndTime "11:19:14 PDT"]
[Termination "romulocardoso won on time"]

1. d4 Nf6 2. c4 e6 3. Nf3 Bb4+ 4.
Nbd2 Qe7 5. a3 Bxd2+ 6. Qxd2 O-O 7.
e3 d5 8. b4 b6 9. Bb2 Bb7 10.
Rc1 Ne4 11. Qc2 c5 12. dxc5 bxc5 13. b5 a6 14. a4 axb5 15. axb5 Nd7 16. Bd3 f5 17.
O-O Nb6 18. Ne5 Ra2 19. Ra1 Rfa8 20. Rxa2 Rxa2 21. Qb3 Ra8 22. Rd1 Qg5 23. Bf1 f4 24. exf4 Qxf4 25. f3 Nd2 26. Qc3 Nxf1 27. Rxf1 d4 28. Qe1 Ra2 29. Bc1 Qf5 30. Rf2 Rxf2 31. Kxf2 Qc2+ 32. Qd2 Qf5 33. Qf4 Qc2+ 34. Qd2 Qf5 35.
Qf4 Qc2+ 36. Kg3 Qf5 37. Qxf5 exf5 38. Kf4 g6 39. Bd2 Kg7 40. Ba5 Na4 0-1

[Event "*** SCC Grand Prix: Titled Tuesday Blitz"]
[Site "Chess.com"]
[Date "2020.07.14"]
[Round "7"]
[White "Forantes"]
[Black "KNCP_719"]
[Result "1-0"]
[WhiteElo "2377"]
[BlackElo "2507"]
[TimeControl "180+1"]
[EndTime "11:19:16 PDT"]
[Termination "Forantes won on time"]

1. Nf3 d5 2. g3 Nf6 3. Bg2 Bg4 4.
d4 Nbd7 5. O-O e6 6. c4 c6 7.
Nc3 Bd6 8. Qb3 Qb6 9. c5 Qxb3 10. axb3 Bc7 11. b4 O-O 12. b5 e5 13. e3 Rfe8 14. h3 Bxf3 15. Bxf3 exd4 16. exd4 Ne4 17. bxc6 bxc6 18. Ra6 Nb8 19. Ra3 a5 20. Re1 f5 21.
Nxe4 fxe4 22. Bg4 h6 23. Bd2 Ra7 24. b4 Rb7 25. bxa5 Na6 26. Bd7 Rf8 27. Bxc6 Rb2 28.
Bxd5+ Kh8 29. Be3 Nb4 30. Bxe4 Nc2 31. Bxc2 Rxc2 32. a6 Ra8 33. Rb1 1-0

[Event "*** SCC Grand Prix: Titled Tuesday Blitz"]
[Site "Chess.com"]
[Date "2020.07.14"]
[Round "7"]
[White "c_r_e_e_p_e_r"]
[Black "Vladislav_Chizhikov"]
[Result "0-1"]
[WhiteElo "2299"]
[BlackElo "2437"]
[TimeControl "180+1"]
[EndTime "11:19:16 PDT"]
[Termination "Vladislav_Chizhikov won on time"]

1. e4 e6 2. d4 d5 3. Nd2 dxe4 4. Nxe4 Nd7 5. Nf3 Ngf6 6. Ng3 c5 7. c3 cxd4 8. Nxd4 a6 9. Be2 Qc7 10. O-O Bd6 11. Bf3 O-O 12. Bg5 h6 13. Be3 Ne5 14. Be2 b5 15. f4 Nc4 16. Bc1 Bb7 17. Bf3 Rad8 18. Bxb7 Qxb7 19. Qe2 Bc5 20. Rd1 Qb6 21. Be3 Nxe3 22. Qxe3 Nd5 23. Qe4 b4 24. Kh1 bxc3 25. Nb3 cxb2 26. Rab1 Nc3 27. Qc2 Rxd1+ 28. Rxd1 Nxd1 29.
Qxd1 Rd8 30. Qc2 Ba3 31. h3 Qe3 32. Kh2 Qc1 33. Nxc1 bxc1=Q 34. Qa4 Bc5 35. Ne2 Qd2 36. Qxa6 Be3 37. Kg3 g5 38. fxg5 hxg5 39. a4 Bf4+ 40. Kf2 Qe3+ 0-1

[Event "*** SCC Grand Prix: Titled Tuesday Blitz"]
[Site "Chess.com"]
[Date "2020.07.14"]
[Round "7"]
[White "AldokhinIvan"]
[Black "FatUpss"]
[Result "1-0"]
[WhiteElo "2594"]
[BlackElo "2745"]
[TimeControl "180+1"]
[EndTime "11:19:17 PDT"]
[Termination "AldokhinIvan won on time"]

1. e4 c5 2. Nf3 d6 3. d4 cxd4 4.
Nxd4 Nf6 5. Nc3 g6 6. Bc4 Bg7 7. Bb3 Nc6 8. Be3 Ng4 9. Nxc6 bxc6 10. Bd2 Qb6 11. O-O Bd4 12. Be1 Be5 13. g3 h5 14.
Na4 Qa6 15. Bc3 h4 16. Qf3 f5 17. h3 Nf6 18. Bxe5 dxe5 19. exf5 hxg3 20. fxg6 Rxh3 21. g7 Bg4 22. Qxf6 1-0

[Event "*** SCC Grand Prix: Titled Tuesday Blitz"]
[Site "Chess.com"]
[Date "2020.07.14"]
[Round "7"]
[White "JiiHart"]
[Black "DrVitman"]
[Result "0-1"]
[WhiteElo "2094"]
[BlackElo "2468"]
[TimeControl "180+1"]
[EndTime "11:19:17 PDT"]
[Termination "DrVitman won on time"]

1. e4 c5 2. Nf3 a6 3. g3 g6 4. Bg2 Bg7 5. d4 cxd4 6. Nxd4 Nc6 7. Be3 d6 8. Nc3 Nf6 9. Nxc6 bxc6 10. e5 Nd5 11.
Nxd5 cxd5 12. Bxd5 Rb8 13. Bb3 Bxe5 14. Bd4 Bxd4 15.
Qxd4 O-O 16. O-O Bb7 17. Rfd1 Qc7 18. Rab1 Rfd8 19. Bd5 Bxd5 20. Qxd5 Qxc2 21. Rdc1 Qa4 22. Rc7 e6 23. Qd2 Qxa2 24. Rbc1 Qxb2 25. Qf4 Rf8 26.
Ra7 Ra8 27. Rxa8 Rxa8 28. Rc7 Rf8 29. Qxd6 a5 30. Ra7 Qb1+ 31. Kg2 Qe4+ 32. Kg1 Ra8 33. Rxa8+ Qxa8 34. Qa3 a4 35. Kf1 Qa5 36. Ke2 Qb5+ 37. Kd2 Kg7 0-1

[Event "*** SCC Grand Prix: Titled Tuesday Blitz"]
[Site "Chess.com"]
[Date "2020.07.14"]
[Round "7"]
[White "ural58"]
[Black "JozefKneht"]
[Result "1-0"]
[WhiteElo "2488"]
[BlackElo "2328"]
[TimeControl "180+1"]
[EndTime "11:19:18 PDT"]
[Termination "ural58 won by checkmate"]

1. e4 e5 2. f4 exf4 3. Bc4 d5 4. Bxd5 Qh4+ 5. Kf1 Nf6 6. Nf3 Qh5 7. Nc3 g5 8. d4 Bb4 9. h4 Bxc3 10. bxc3 c6 11.
Bb3 Nxe4 12. Kg1 g4 13. Qe2 gxf3 14. Qxe4+ Kd8 15. Qxf3 Qxf3 16. gxf3 Rg8+ 17. Kf2 Be6 18. Bxf4 Nd7 19. Rae1 Ke7 20. Bg5+ Kd6 21. Bxe6 fxe6 22.
Bf4+ Ke7 23. Re2 Raf8 24. Bc1 Rf5 25. Rhe1 Rg6 26. Re4 b5 27. a4 Nb6 28. axb5 cxb5 29. Ba3+ Kd7 30. Bc5 Nd5 31. Ra1 Nxc3 32. Rxa7+ Kc6 33.
Ra6+ Kd5 34. Rd6+ Kc4 35. Rexe6 Rg7 36. Rc6 Rgf7 37. Ba3+ Kxd4 38. Red6+ Nd5 39. Bb2# 1-0

[Event "*** SCC Grand Prix: Titled Tuesday Blitz"]
[Site "Chess.com"]
[Date "2020.07.14"]
[Round "7"]
[White "PauloCesarCosta_sad"]
[Black "qingaunlee"]
[Result "0-1"]
[WhiteElo "2205"]
[BlackElo "2346"]
[TimeControl "180+1"]
[EndTime "11:19:18 PDT"]
[Termination "qingaunlee won on time"]

1. Nf3 d5 2. d4 Nf6 3. c4 e6 4.
Nc3 Be7 5. Bg5 O-O 6. e3 h6 7. Bh4 Ne4 8. Bxe7 Qxe7 9. Rc1 Nxc3 10. Rxc3 c6 11. Qc2 Nd7 12. a3 dxc4 13. Bxc4 e5 14.
O-O e4 15. Nd2 Nf6 16. f3 exf3 17. Nxf3 Be6 18. Bxe6 Qxe6 19. Ne5 Nd5 20. Rd3 f6 21. Ng6 Rfe8 22. Re1 Qe4 23. Rd2 Qxc2 24. Rxc2 Re4 25. Rce2 Rae8 26. Kf2 Kf7 27. Nf4 Nxf4 28. exf4 Rxf4+ 29. Kg3 Rxe2 30. Rxe2 Rxd4 31. Rc2 f5 32. h3 Kf6 33.
Kf3 g5 34. g3 Rd3+ 35. Kf2 h5 36. Re2 g4 37. hxg4 hxg4 38. Rc2 Kg5 39. Re2 Rb3 40.
Kg2 c5 41. Rf2 c4 42. Rc2 b5 43. Kf2 a5 44. Kg2 f4 45. gxf4+ Kxf4 46. Kf2 g3+ 47. Kg2 Kg4 48. Re2 Kf4 49. Rc2 a4 50. Rd2 Rd3 51. Re2 c3 0-1

[Event "*** SCC Grand Prix: Titled Tuesday Blitz"]
[Site "Chess.com"]
[Date "2020.07.14"]
[Round "7"]
[White "zmeeed67"]
[Black "jonychess03"]
[Result "0-1"]
[WhiteElo "2416"]
[BlackElo "2314"]
[TimeControl "180+1"]
[EndTime "11:19:20 PDT"]
[Termination "jonychess03 won by resignation"]

1. d4 Nf6 2. c4 e6 3. Nc3 Bb4 4. f3 d5 5. a3 Bxc3+ 6. bxc3 O-O 7. cxd5 exd5 8. e3 c5 9. Bd3 Nc6 10. Ne2 Re8 11. O-O b6 12. Ng3 cxd4 13. cxd4 Bb7 14. Ra2 Na5 15. Bb1 Nc4 16. Re1 Nd6 17. Rae2 Ba6 18.
Bd3 Bxd3 19. Qxd3 Rc8 20. e4 dxe4 21. fxe4 Nc4 22. Rf1 Qd7 23. Rxf6 gxf6 24. Nf5 Ne5 25.
Qg3+ Ng6 26. Bd2 Kh8 27. h4 Rxe4 28. Rf2 h5 29. Bh6 Rg4 30. Qe3 Re8 31. Bg7+ Kg8 32.
Qh6 Re1+ 33. Rf1 Rxf1+ 34. Kxf1 Qxf5+ 0-1

[Event "*** SCC Grand Prix: Titled Tuesday Blitz"]
[Site "Chess.com"]
[Date "2020.07.14"]
[Round "7"]
[White "AndrewMaco"]
[Black "Atanejhad"]
[Result "1-0"]
[WhiteElo "2625"]
[BlackElo "2402"]
[TimeControl "180+1"]
[EndTime "11:19:21 PDT"]
[Termination "AndrewMaco won on time"]

1. e4 e5 2. Nf3 Nc6 3. Bb5 a6 4. Ba4 Nf6 5. O-O Be7 6. Re1 b5 7. Bb3 d6 8. c3 O-O 9. h3 Na5 10. Bc2 c5 11. d4 Qc7 12. d5 Ne8 13. b3 g6 14. Bh6 Ng7 15. Nbd2 Nb7 16. c4 Bd7 17. Nf1 f6 18. g4 Nd8 19. Ng3 Nf7 20. Be3 bxc4 21. bxc4 Rab8 22. Bd3 Rb2 23. Bc1 Rb7 24.
Bd2 Rfb8 25. Bc3 Ng5 26. Nxg5 fxg5 27. Qc2 Qc8 28. Kg2 Qe8 29. Reb1 h5 30. f3 Qc8 31. Rxb7 Qxb7 32. Qc1 Qc8 33. Rb1 Kh7 34. Bc2 h4 35.
Nf1 Ne8 36. Rb3 Rxb3 37. axb3 Qb7 38. Bd2 Kh6 39. Qa3 Nc7 40. Ne3 Bf6 41. b4 cxb4 42.
Bxb4 Ne8 43. Bxd6 Qa7 44. Bc5 Qa8 45. Bb6 1-0

[Event "*** SCC Grand Prix: Titled Tuesday Blitz"]
[Site "Chess.com"]
[Date "2020.07.14"]
[Round "7"]
[White "Ucitelot"]
[Black "XDPS"]
[Result "0-1"]
[WhiteElo "2504"]
[BlackElo "2687"]
[TimeControl "180+1"]
[EndTime "11:19:21 PDT"]
[Termination "XDPS won by resignation"]

1. e4 c5 2. Nf3 d6 3. d4 cxd4 4. Nxd4 Nf6 5. Nc3 a6 6. g3 g6 7. Bg2 Bg7 8. O-O O-O 9. h3 Nc6 10. Nde2 Rb8 11. a4 b5 12. axb5 axb5 13. Nd5 Nxd5 14.
exd5 Ne5 15. Nd4 Bd7 16. Re1 Re8 17. c3 Qc7 18. Kh2 b4 19. f4 Nc4 20. Nc6 Bxc6 21. dxc6 bxc3 22. bxc3 e6 23. Qd3 d5 24. Ra6 Qc8 25. Bxd5 exd5 26. Rxe8+ Qxe8 27. c7 Rc8 28. Qxd5 Rxc7 29. Ra8 Rc8 30. Ra7 Qe2+ 31. Kh1 Qf1+ 32.
Kh2 Qf2+ 33. Kh1 Qxa7 0-1

[Event "*** SCC Grand Prix: Titled Tuesday Blitz"]
[Site "Chess.com"]
[Date "2020.07.14"]
[Round "7"]
[White "Falia-p"]
[Black "AGW2016"]
[Result "0-1"]
[WhiteElo "2389"]
[BlackElo "2280"]
[TimeControl "180+1"]
[EndTime "11:19:22 PDT"]
[Termination "AGW2016 won on time"]

1. e4 c5 2. Nf3 d6 3. d4 cxd4 4. Nxd4 Nf6 5. Nc3 Nc6 6. Bg5 e6 7. Qd2 a6 8. O-O-O Bd7 9. f4 Be7 10. Nf3 b5 11. e5 b4 12. exf6 bxc3 13. Qxc3 gxf6 14. Bh4 a5 15. Kb1 Rc8 16. Nd4 Nb4 17. Qb3 Nd5 18. f5 a4 19. Qg3 Qb6 20. fxe6 fxe6 21.
Be2 Nc3+ 22. Ka1 Nxe2 23. Nxe2 Rxc2 24. Rb1 Rxe2 25. Qg7 Rf8 26. Qxh7 a3 27. Qh5+ Kd8 28. Qxe2 Qd4 29. Rhd1 Qxh4 30. Qc2 f5 0-1

[Event "*** SCC Grand Prix: Titled Tuesday Blitz"]
[Site "Chess.com"]
[Date "2020.07.14"]
[Round "7"]
[White "MashaFromRussia"]
[Black "Roza_Idrisova"]
[Result "1-0"]
[WhiteElo "2426"]
[BlackElo "2239"]
[TimeControl "180+1"]
[EndTime "11:19:22 PDT"]
[Termination "MashaFromRussia won by resignation"]

1. d4 d5 2. c4 c6 3. Nf3 Nf6 4. Nc3 a6 5. c5 Bf5 6. h3 h6 7.
Bf4 Nbd7 8. e3 e6 9. Be2 Be7 10. O-O O-O 11. Bh2 b6 12. b4 a5 13. a3 Ne4 14. Nxe4 Bxe4 15. Nd2 Bg6 16. f4 b5 17. Nf3 Bf6 18. Ne5 Qc8 19. Bd3 Bxd3 20. Qxd3 Nxe5 21.
fxe5 Be7 22. Bg3 Qb7 23. Qb3 axb4 24. axb4 Rxa1 25. Rxa1 Ra8 26. Ra3 Ra6 27. Qa2 Rxa3 28. Qxa3 Bg5 29. Bf4 Be7 30. Kf2 Bd8 31. Ke2 Bc7 32.
Kd3 Bb8 33. e4 dxe4+ 34. Kxe4 Qa7 35. Qa5 Qxa5 36. bxa5 Kf8 37. a6 Ke8 38. Bd2 Kd7 39. Ba5 Kc8 40. Bb6 f6 41. a7 f5+ 42. Kd3 Bxa7 43. Bxa7 Kd7 44. Bb6 Ke7 45. Ba5 Kf7 46.
Bd2 g5 47. Kc3 Kg6 48. Kb4 f4 49. Ka5 Kf5 50. Kb6 Ke4 51. Kxc6 Kxd4 52. Kxb5 Kxe5 53. c6 Kd6 54. Kb6 e5 55. c7 e4 56. c8=Q e3 57. Qd8+ Ke5 58. Bc3+ Ke4 59. Qa8+ Kd3 60. Bb4 h5 61.
Qf3 g4 62. hxg4 hxg4 63. Qxg4 1-0

[Event "*** SCC Grand Prix: Titled Tuesday Blitz"]
[Site "Chess.com"]
[Date "2020.07.14"]
[Round "7"]
[White "Semen_Khanin"]
[Black "volcanoexplorer"]
[Result "1-0"]
[WhiteElo "2759"]
[BlackElo "2578"]
[TimeControl "180+1"]
[EndTime "11:19:23 PDT"]
[Termination "Semen_Khanin won by resignation"]

1. e4 e5 2. Nf3 Nc6 3. Bc4 Bc5 4.
c3 Nf6 5. d3 d6 6. Nbd2 a6 7. Bb3 Ba7 8. h3 h6 9. Nf1 Be6 10. Ng3 Qd7 11. Bc2 O-O-O 12. a4 a5 13. Rb1 d5 14. Qe2 g5 15. Be3 d4 16. Bd2 dxc3 17. bxc3 g4 18. Nh4 gxh3 19. gxh3 Bxh3 20. Nhf5 Bg4 21. f3 Bxf5 22. Nxf5 h5 23. Bg5 Nd5 24. exd5 Qxf5 25. Bxd8 Nxd8 26. d4 Qf4 27. Qxe5 Qxf3 28.
Qf5+ Qxf5 29. Bxf5+ Kb8 30. Kd2 f6 31. Bg6 Rg8 32. Bxh5 Rg2+ 33. Kd3 Bb6 34. Rbg1 Ra2 35. Rg8 c6 36. Rb1 Ka7 37. Rxb6 Kxb6 38. Rxd8 cxd5 39.
Rxd5 Rxa4 40. Rd6+ Kc7 41. Rxf6 Ra1 42. Bf3 b5 43. d5 a4 44. d6+ Kd7 45. Bg4+ Ke8 46. d7+ Ke7 47. Re6+ Kxd7 1-0

[Event "*** SCC Grand Prix: Titled Tuesday Blitz"]
[Site "Chess.com"]
[Date "2020.07.14"]
[Round "7"]
[White "The_Machine04"]
[Black "KejJaj"]
[Result "1-0"]
[WhiteElo "2290"]
[BlackElo "2039"]
[TimeControl "180+1"]
[EndTime "11:19:23 PDT"]
[Termination "The_Machine04 won by resignation"]

1. d4 f5 2. Bg5 h6 3. Bh4 c5 4. e4 Qa5+ 5. Nd2 cxd4 6. Qh5+ Kd8 7. exf5 Nf6 8. Bxf6 exf6 9. Bd3 Bb4 10. Nf3 Nc6 11.
a3 Bxd2+ 12. Nxd2 Ne5 13. O-O-O d6 14. g4 Bd7 15. Be4 d5 16. Nb3 Qb5 17. Nxd4 Qa4 18.
Bxd5 Rc8 19. Bb3 Qa6 20. f4 Nd3+ 21. Rxd3 Qxd3 22. Rd1 Qe3+ 23. Kb1 Re8 24. Qf7 Rc5 25.
Ne6+ Qxe6 26. fxe6 1-0

[Event "*** SCC Grand Prix: Titled Tuesday Blitz"]
[Site "Chess.com"]
[Date "2020.07.14"]
[Round "7"]
[White "FabianoCaruana"]
[Black "tigra"]
[Result "1-0"]
[WhiteElo "3025"]
[BlackElo "2843"]
[TimeControl "180+1"]
[EndTime "11:19:24 PDT"]
[Termination "FabianoCaruana won by resignation"]

1. d4 Nf6 2. c4 g6 3. Nf3 Bg7 4. e3 d6 5. Nc3 O-O 6. Be2 Nbd7 7. O-O e5 8. Qc2 Re8 9. Rd1 Qe7 10. b4 e4 11. Nd2 Nf8 12. a4 h5 13. Ba3 Bf5 14. b5 Ne6 15. c5 Nxd4 16. exd4 e3 17. Bd3 exf2+ 18. Kh1 Qe1+ 19. Nf1 Ng4 20. Bxf5 gxf5 21. Qd3 Re3 22. Qxe3 Nxe3 23. Rxe1 fxe1=Q 24. Rxe1 Nc2 25. Re7 Nxa3 26. cxd6 cxd6 27. Nd5 Rc8 28. g3 Bxd4 29. Rxb7 Rc1 30. Kg2 Rc2+ 31. Kh3 Rf2 32. Nfe3 Kg7 33. a5 Kg6 34. b6 axb6 35. axb6 Rb2 36. Rd7 Bc5 37. b7 Nb1 38. Nc4 Rb3 39. Ncb6 1-0

[Event "*** SCC Grand Prix: Titled Tuesday Blitz"]
[Site "Chess.com"]
[Date "2020.07.14"]
[Round "7"]
[White "SergeyKarjakin"]
[Black "Gabrielian_Artur"]
[Result "1-0"]
[WhiteElo "2971"]
[BlackElo "2801"]
[TimeControl "180+1"]
[EndTime "11:19:24 PDT"]
[Termination "SergeyKarjakin won on time"]

1. e4 c5 2. Nf3 d6 3. d4 cxd4 4.
Nxd4 Nf6 5. Nc3 Nc6 6. Bg5 e6 7. Qd2 a6 8. O-O-O Bd7 9. f4 Be7 10. Nf3 b5 11. Bxf6 gxf6 12. f5 Qa5 13. Kb1 h5 14.
fxe6 fxe6 15. g3 Ne5 16. Nd4 Rc8 17. Qe1 Kf7 18. h4 Rxc3 19. Qxc3 Qxc3 20. bxc3 Rc8 21. Kb2 Bd8 22. Nb3 Ke7 23. Be2 a5 24. Nd4 a4 25. Bxh5 Ba5 26. Be2 Bxc3+ 27. Kc1 Nf7 28. Nxb5 Be5 29. g4 Bf4+ 30. Kb1 Rb8 31. c4 Ne5 32. Kc2 1-0

[Event "*** SCC Grand Prix: Titled Tuesday Blitz"]
[Site "Chess.com"]
[Date "2020.07.14"]
[Round "7"]
[White "ShahMatKanal"]
[Black "MustafayevFarid2004"]
[Result "0-1"]
[WhiteElo "2493"]
[BlackElo "2370"]
[TimeControl "180+1"]
[EndTime "11:19:24 PDT"]
[Termination "MustafayevFarid2004 won on time"]

1. e4 c6 2. d4 d5 3. e5 Bf5 4.
Nf3 e6 5. Be2 Nd7 6. O-O h6 7. b3 Ne7 8. Bb2 g5 9. c4 Bg7 10. Bd3 O-O 11. Nc3 Bg4 12. h3 Bh5 13.
Be2 dxc4 14. bxc4 c5 15. g4 Bg6 16. Nb5 cxd4 17. Bxd4 Nc6 18. Nd6 b6 19. Re1 Ndxe5 20.
Nxe5 Nxe5 21. Be3 Nxg4 22. Bxg4 Bxa1 23. Qxa1 Qxd6 24. Qf6 Rfd8 25. Rd1 Qf8 26. Bd4 Kh7 27. Kh2 Qh8 28. Qxh8+ Rxh8 29. Bxh8 Kxh8 30. Rd7 Rc8 31. Be2 a5 32. Rb7 Rc6 33. Bf3 Rxc4 34. Rxb6 Rc2 35.
Ra6 Rxf2+ 36. Kg3 Rxa2 0-1

[Event "*** SCC Grand Prix: Titled Tuesday Blitz"]
[Site "Chess.com"]
[Date "2020.07.14"]
[Round "7"]
[White "malakismayil"]
[Black "Lion-Al-Messi"]
[Result "0-1"]
[WhiteElo "2249"]
[BlackElo "2428"]
[TimeControl "180+1"]
[EndTime "11:19:24 PDT"]
[Termination "Lion-Al-Messi won by checkmate"]

1. e4 e6 2. d4 d5 3. Nd2 c5 4. Ngf3 cxd4 5. Nxd4 Nc6 6. Nxc6 bxc6 7. Bd3 Bd6 8. O-O Ne7 9. f4 O-O 10. e5 Bc5+ 11. Kh1 Nf5 12. Bxf5 exf5 13. c4 d4 14. Nb3 Qe7 15. Nxd4 Rd8 16. Nxc6 Rxd1 17. Nxe7+ Bxe7 18.
Rxd1 Be6 19. b3 Bc5 20. Bb2 a5 21. h3 a4 22. Bc3 h5 23. g3 h4 24. Kg2 hxg3 25.
Kxg3 Rb8 26. Rab1 Ba3 27. Kf3 Kh7 28. Bd4 Ra8 29. Bb2 Bc5 30. Bc3 Ba3 31. Bd4 Rc8 32. Ke3 Kh6 33. Rg1 g6 34. Rg2 Be7 35. Rc2 g5 36. c5 gxf4+ 37. Kxf4 Bg5+ 38. Kf3 Bd5+ 39. Kf2 Be4 40. Rbb2 a3 41. Re2 axb2 42. Rxb2 Rd8 43. Bc3 Bh4+ 44. Ke3 Rd3+ 45. Kf4 Rxc3 46. b4 Bg5# 0-1

[Event "*** SCC Grand Prix: Titled Tuesday Blitz"]
[Site "Chess.com"]
[Date "2020.07.14"]
[Round "7"]
[White "TheCount"]
[Black "Artem_Sadovsky"]
[Result "1-0"]
[WhiteElo "2713"]
[BlackElo "2548"]
[TimeControl "180+1"]
[EndTime "11:19:26 PDT"]
[Termination "TheCount won on time"]

1. d4 g6 2. e4 Bg7 3. Nc3 d6 4. f4 a6 5. Nf3 b5 6. Be3 b4 7.
Ne2 Bb7 8. e5 h5 9. Qd2 Nh6 10.
Qxb4 Bxf3 11. gxf3 Nf5 12. Bf2 Nc6 13. Qc4 Qd7 14.
d5 Na5 15. Qb4 Qb5 16. Qxb5+ axb5 17. Nd4 dxe5 18. Bxb5+ Kf8 19. Nxf5 gxf5 20. fxe5 Bxe5 21. O-O-O Nb7 22. a4 Nd6 23. Bc6 Rb8 24. b3 Bf4+ 25. Kb2 Rh6 26. Ka3 e5 27. c4 e4 28. Bc5 exf3 29.
a5 Kg7 30. a6 Rhh8 31. a7 Ra8 32. Rdf1 Ne4 33. Bd4+ f6 34. Bxa8 Rxa8 35. Rxf3 Bd6+ 36.
b4 1-0

[Event "*** SCC Grand Prix: Titled Tuesday Blitz"]
[Site "Chess.com"]
[Date "2020.07.14"]
[Round "7"]
[White "Bulldog167"]
[Black "Vaathi_Coming"]
[Result "1-0"]
[WhiteElo "2749"]
[BlackElo "2910"]
[TimeControl "180+1"]
[EndTime "11:19:27 PDT"]
[Termination "Bulldog167 won on time"]

1. d4 c6 2. c4 e6 3. e4 d5 4.
cxd5 exd5 5. e5 c5 6. Nf3 Nc6 7. Bb5 Bg4 8. h3 Bh5 9. O-O Ne7 10. dxc5 a6 11. Be2 Qc7 12. Nc3 Rd8 13. Bf4 h6 14. Bh2 Qc8 15. Re1 g5 16. Na4 Bg7 17. Nb6 Qe6 18. Nxg5 hxg5 19. Bxh5 O-O 20. Bg4 Qg6 21. Rc1 Nf5 22. Nxd5 Nfd4 23. Qxd4 Nxd4 24. Ne7+ Kh7 25. Nxg6 Kxg6 26. f4 gxf4 27. Bxf4 1-0

[Event "*** SCC Grand Prix: Titled Tuesday Blitz"]
[Site "Chess.com"]
[Date "2020.07.14"]
[Round "7"]
[White "Chigorinetz"]
[Black "ENajer77"]
[Result "0-1"]
[WhiteElo "2522"]
[BlackElo "2695"]
[TimeControl "180+1"]
[EndTime "11:19:27 PDT"]
[Termination "ENajer77 won by checkmate"]

1. e4 c6 2. d4 d5 3. f3 e6 4.
Nc3 Ne7 5. Be3 Ng6 6. Qd2 b5 7. a4 b4 8. Nd1 Be7 9. Nf2 O-O 10. Bd3 e5 11. exd5 cxd5 12. Ne2 Nc6 13. O-O Bb7 14. Rfd1 Qc7 15. Bf5 Rfd8 16. dxe5 Ngxe5 17. Bf4 Bd6 18. Bg5 Nc4 19. Qxd5 Bxh2+ 20. Kh1 Rxd5 21. Rxd5 N6e5 22. Rd4 Nxf3 23. Rd7 Qe5 24. Rad1 Re8 25. Re7 Rxe7 26. Ng4 Qxe2 27. Rd8+ Re8 28. Be6 Qe1# 0-1

[Event "*** SCC Grand Prix: Titled Tuesday Blitz"]
[Site "Chess.com"]
[Date "2020.07.14"]
[Round "7"]
[White "TST2014"]
[Black "Chessbard1972"]
[Result "1-0"]
[WhiteElo "2482"]
[BlackElo "2245"]
[TimeControl "180+1"]
[EndTime "11:19:27 PDT"]
[Termination "TST2014 won by resignation"]

1. d4 Nf6 2. c4 g6 3. Nc3 Bg7 4.
e4 O-O 5. Nf3 d6 6. Be2 Na6 7.
O-O c5 8. d5 e6 9. h3 exd5 10. cxd5 Nc7 11. a4 Re8 12. Bd3 b6 13. Bf4 a6 14. Re1 Nh5 15. Bh2 Rb8 16. e5 dxe5 17. Nxe5 Bxe5 18. Bxe5 Bb7 19. Bc4 Qd7 20. Qf3 b5 21. axb5 axb5 22. Bxc7 Qxc7 23. Bxb5 Rxe1+ 24. Rxe1 Nf4 25. Bc4 Rd8 26. Re4 g5 27. g3 Nxh3+ 28. Kg2 Bc8 29. Qf6 g4 30. Re7 Rd7 31. Qxf7+ 1-0

[Event "*** SCC Grand Prix: Titled Tuesday Blitz"]
[Site "Chess.com"]
[Date "2020.07.14"]
[Round "7"]
[White "AnishOnYoutube"]
[Black "BillieKimbah"]
[Result "1/2-1/2"]
[WhiteElo "2869"]
[BlackElo "2907"]
[TimeControl "180+1"]
[EndTime "11:19:28 PDT"]
[Termination "Game drawn by repetition"]

1. d4 Nf6 2. c4 e6 3. Nf3 d5 4.
g3 Bb4+ 5. Bd2 Be7 6. Bg2 O-O 7. O-O c6 8. Qc2 Nbd7 9. Bf4 Ne4 10. Nc3 g5 11. Bc1 f5 12. b3 Rf7 13. a4 a5 14. Ba3 Bf6 15. e3 h5 16. b4 axb4 17. Bxb4 h4 18. Nxe4 dxe4 19. Nd2 hxg3 20. fxg3 c5 21. Bc3 cxd4 22. exd4 Nb6 23. a5 Bxd4+ 24. Kh1 Bxc3 25. Qxc3 Nd7 26. Bxe4 fxe4 27. Rxf7 Kxf7 28. Nxe4 b6 29. Nd6+ Kg8 30. Qf3 Qf6 31. Qxa8 Qxa1+ 32. Kg2 Qb2+ 33. Kh3 Qh8+ 34. Kg2 Qb2+ 35. Kh3 Qh8+ 36.
Kg2 Qb2+ 1/2-1/2